 Dungeon Crawl Stone Soup version 0.18-a0-373-gaf408bd (webtiles) character file.

485 FishmanTm the Changer (level 7, 0/51 HPs)
             Began as a Merfolk Transmuter on Nov 29, 2015.
             Was a Believer of Makhleb.
             Slain by an orc wizard
             ... wielding a +0 dagger
              (3 damage)
             ... on level 4 of the Dungeon.
             The game lasted 00:06:16 (3126 turns).

FishmanTm the Changer (Merfolk Transmuter)          Turns: 3126, Time: 00:06:16

Health: 0/51       AC:  9    Str: 10    XL:     7   Next: 13%
Magic:  8/10       EV: 13    Int: 14    God:    Makhleb [**....]
Gold:   119        SH:  0    Dex: 15    Spells: 3 memorised, 4 levels left

rFire  . . .     SeeInvis .       - Unarmed
rCold  + . .     Clarity  .     B - +3 leather armour {rC+}
rNeg   + . .     SustAt   .     (no shield)
rPois  .         Gourm    .     (no helmet)
rElec  .         Spirit   .     q - +0 cloak
rCorr  .         Warding  .     f - +0 pair of gloves
rMut   .         Stasis   .     s - +0 pair of boots
MR     .....                    (no amulet)
Stlth  +.........               (no ring)
                                u - ring of positive energy

@: not resistant to hostile enchantments, very unstealthy
A: change form in water, swift swim
a: Minor Destruction, Renounce Religion


You were on level 4 of the Dungeon.
You worshipped Makhleb.
Makhleb was pleased with you.
You were hungry.

You visited 1 branch of the dungeon, and saw 5 of its levels.

You collected 119 gold pieces.

Inventory:

Missiles
 a - 29 arrows
Armour
 f - a +0 pair of gloves (worn)
 q - a +0 cloak (worn)
 s - a +0 pair of boots (worn)
 B - a +3 leather armour of cold resistance (worn)
Jewellery
 u - a ring of positive energy (left hand)
 v - an uncursed ring of stealth {unknown}
Wands
 y - a wand of disintegration (14)
Scrolls
 e - a scroll of amnesia {unknown}
 r - 2 scrolls of recharging {unknown}
 w - 2 scrolls of immolation {unknown}
 z - 3 scrolls of identify
 A - a scroll of fear
 C - a scroll of remove curse
Potions
 i - a potion of invisibility {unknown}
 j - 3 potions of curing {unknown}
 l - a potion of might {unknown}
 n - 2 potions of heal wounds {unknown}
 o - a potion of cancellation {unknown}
 p - 2 potions of haste {unknown}
 t - 3 potions of lignification {unknown}
 x - a potion of resistance {unknown}
Books
 c - a book of Changes

   Spells                             Type                      Level
   a - Beastly Appendage              Transmutation                1
   b - Sticks to Snakes               Transmutation                2
   c - Spider Form                    Transmutation/Poison         3
   d - Ice Form                       Ice/Transmutation            4
   e - Blade Hands                    Transmutation                5
Comestibles
 b - 14 chunks of flesh
 d - 3 bread rations
 g - 3 beef jerkies
 h - a meat ration
 k - 6 fruits
 m - 2 slices of pizza


   Skills:
 + Level 2.5 Fighting
 + Level 1.5 Armour
 + Level 4.0 Dodging
 - Level 5.0 Unarmed Combat
 - Level 2.0 Spellcasting
 - Level 6.7 Transmutations
 + Level 0.2 Invocations


You had 4 spell levels left.
You knew the following spells:

 Your Spells              Type           Power        Failure   Level  Hunger
a - Beastly Appendage     Trmt           ###...       1%          1    ##.....
b - Sticks to Snakes      Trmt           ###.....     3%          2    ###....
c - Spider Form           Trmt/Pois      ##........   28%         3    ####...


Dungeon Overview and Level Annotations

Branches:
Dungeon (5/15)             Temple (0/1) D:4

Altars:
Elyvilon
Makhleb
Trog
Xom

Annotations:
D:5 cireshan's ghost, novice DECj


Message History

You kill the orc priest!
Makhleb accepts your kill. Something hits you.
* * * LOW HITPOINT WARNING * * *
Unknown command.
You hit something. Something hits you but does no damage.
You hit something.
Your transformation has ended.
Your +0 cloak unmelds from your body.
Your +0 pair of gloves unmelds from your body.
Your +0 pair of boots unmelds from your body.
Your +3 leather armour of cold resistance unmelds from your body.
You feel resistant to cold.
You hear some strange, mumbled words.
A magic dart appears from out of thin air!
The magic dart hits you!
* * * LOW HITPOINT WARNING * * *
Unknown command.
You hit something. Something hits you.
You die...

... #.##.#### ...)
#.#### #.##.#... .
#....# #.####### #....#
#.# #... #....# #<#
#### ....+ ### #####
###### #...# #....
......# #{[)# #....
......# #(@.# #....
......# #..)# #....
......# #...# #....
......#########...##
#....
...................#
#....
...................#
#....
...................####
#....
......................#
#####....
......................#
#........


There were no monsters in sight!

Vanquished Creatures
  Eustachio (D:4)
  3 orc wizards (D:4)
  3 orc priests (D:4)
  A hound (D:4)
  Terence (D:2)
  A worker ant (D:4)
  An adder (D:4)
  An ooze (D:3)
  An adder skeleton (D:4)
  2 giant geckos
  12 orcs (D:4)
  5 giant cockroaches
  6 hobgoblins
  A jackal (D:1)
  2 quokkas (D:4)
  A ball python (D:2)
  6 bats
  4 giant newts
  4 goblins
  6 kobolds
  3 rats
65 creatures vanquished.

Vanquished Creatures (collateral kills)
  An adder (D:2)
  A jackal (D:1)
2 creatures vanquished.

Grand Total: 67 creatures vanquished

Notes
Turn   | Place    | Note
--------------------------------------------------------------
     0 | D:1      | FishmanTm the Merfolk Transmuter began the quest for the Orb.
     0 | D:1      | Reached XP level 1. HP: 15/15 MP: 3/3
   271 | D:1      | Reached XP level 2. HP: 21/21 MP: 1/5
   275 | D:1      | Learned a level 2 spell: Sticks to Snakes
   366 | D:1      | Reached skill level 4 in Unarmed Combat
   825 | D:2      | Found a white marble altar of Elyvilon.
   844 | D:2      | Reached XP level 3. HP: 24/26 MP: 6/6
   937 | D:2      | Found a bloodstained altar of Trog.
   944 | D:2      | Noticed Terence
   959 | D:2      | Killed Terence
   959 | D:2      | Reached skill level 5 in Unarmed Combat
   966 | D:2      | Learned a level 3 spell: Spider Form
  1154 | D:2      | Found a burning altar of Makhleb.
  1160 | D:2      | Found a shimmering altar of Xom.
  1183 | D:2      | Became a worshipper of Makhleb the Destroyer
  1686 | D:3      | Reached XP level 4. HP: 25/32 MP: 3/7
  2316 | D:4      | Reached * piety under Makhleb
  2317 | D:4      | Noticed Eustachio
  2399 | D:4      | Killed Eustachio
  2399 | D:4      | Reached skill level 6 in Transmutations
  2399 | D:4      | Reached XP level 5. HP: 28/37 MP: 3/8
  2399 | D:4      | Reached XP level 6. HP: 32/43 MP: 3/9
  2415 | D:4      | Found a staircase to the Ecumenical Temple.
  2817 | D:5      | Entered Level 5 of the Dungeon
  2956 | D:5      | Noticed cireshan's ghost (novice DECj)
  2970 | D:4      | Reached skill level 1 in Armour
  2979 | D:4      | Reached XP level 7. HP: 32/51 MP: 5/10
  3067 | D:4      | Reached ** piety under Makhleb
  3126 | D:4      | Slain by an orc wizard

Vault maps used:
D:1:      dpeg_arrival_long_road
D:2:      minitemple, nicolae_overflow_crystal_walls, old_standard_altar,
          uniq_terence
D:3:      first_bread
D:4:      minmay_temple_entry_glass, uniq_eustachio, uniq_menkaure
D:5:      grunt_decor_clamped, uniq_prince_ribbit1

Action                   |  1- 3 |  4- 6 |  7- 9 || total
-------------------------+-------+-------+-------++-------
Melee: Unarmed           |    96 |    96 |    22 ||   214
 Cast: Beastly Appendage |    17 |     1 |       ||    18
       Sticks to Snakes  |     6 |       |       ||     6
       Spider Form       |     3 |    11 |     2 ||    16
  Use: Scroll            |     5 |     1 |       ||     6
 Stab: Distracted        |     1 |       |       ||     1
  Eat: Chunk             |     4 |     5 |     1 ||    10
